 Dungeon Crawl Stone Soup version 0.18-a0-902-g8738618 (webtiles) character file.

72 sugabear the Cudgeler (level 4, 0/23 HPs)
             Began as a Vine Stalker Gladiator on Dec 24, 2015.
             Killed from afar by Blork the orc (8 damage)
             ... with a puff of frost
             ... on level 4 of the Dungeon.
             The game lasted 00:01:54 (1705 turns).

sugabear the Cudgeler (Vine Stalker Gladiator)      Turns: 1705, Time: 00:01:54

Health: 0/23       AC:  4    Str: 19    XL:     4   Next: 26%
Magic:  0/5        EV: 13    Int:  8    God:
Gold:   228        SH:  0    Dex: 14    Spells: 0 memorised, 3 levels left

rFire  . . .     SeeInvis .     a - +0 flail
rCold  . . .     Gourm    .     b - +0 leather armour
rNeg   . . .     Faith    .     (no shield)
rPois  .         Spirit   +     c - +0 helmet
rElec  .         Dismiss  .     (no cloak)
rCorr  .         Reflect  .     (no gloves)
SustAt .         Harm     .     (no boots)
MR     .....                    (no amulet)
Stlth  +.........               (no ring)
                                (no ring)

@: not resistant to hostile enchantments, very unstealthy
A: fangs 2, regeneration 1, magic shield, antimagic bite, no device heal 3, rot
immunity
a: no special abilities


You were on level 4 of the Dungeon.
You were not hungry.

You visited 1 branch of the dungeon, and saw 4 of its levels.

You collected 228 gold pieces.

Inventory:

Hand Weapons
 a - a +0 flail (weapon)
Missiles
 d - 4 throwing nets (quivered)
Armour
 b - a +0 leather armour (worn)
 c - a +0 helmet (worn)
Scrolls
 e - a scroll of amnesia {unknown}
 g - 2 scrolls of enchant weapon {unknown}
 i - 3 scrolls of identify {unknown}
 j - 2 scrolls of magic mapping {unknown}
 m - a scroll of remove curse {unknown}
Potions
 l - a potion of curing {unknown}
 n - a potion of degeneration {unknown}
 p - 2 potions of heal wounds {unknown}
Comestibles
 f - 3 bread rations
 h - a beef jerky
 k - 3 meat rations
 o - 3 fruits
 q - 2 chunks of flesh


   Skills:
 + Level 2.0 Fighting
 + Level 3.2 Maces & Flails
 + Level 1.7 Throwing
 + Level 1.0 Armour
 + Level 3.2 Dodging
 + Level 1.1 Stealth


You had 3 spell levels left.
You didn't know any spells.

Dungeon Overview and Level Annotations

Branches:
Dungeon (4/15)
 Temple: D:4-7

Altars:

Annotations:
D:3 Sigmund
D:4 Blork the orc


Innate Abilities, Weirdness & Mutations

You have extremely sharp teeth.
Your natural rate of healing is unusually fast.
When hurt, damage is shared between your health and your magic reserves.
Your bite disrupts and absorbs the magic of your enemies.
Potions and wands cannot restore your health.
You are immune to rotting.


Message History

Found a robe.
There is an open door here.
Something unseen opens the door.
A wight and Blork the orc come into view.
Blork the orc shouts!
Blork the orc points at you and mumbles some strange words.
The puff of flame hits you!
Found a plate armour.
Blork the orc gestures wildly while chanting.
Blork the orc seems to speed up.
You see here a robe.
Blork the orc looks braver for a moment.
Blork the orc miscasts a cantrip.
Blork the orc gestures at you while chanting.
The magic dart hits you! Blork the orc casts a spell at you.
The puff of frost hits you!
Blork the orc gestures at you while chanting.
The puff of frost hits you!
You die...

#.#....................#
####.......###.........####
........##.###..........
......#.##...............
.............[...........
..##.##.##................
..##.##.##................
........................
..##.#.....o....@.......
#.##..[..z.....##.####..
..........###### .#
#.##.#....# .# #.##.#######
)# .....#.....# .#
####.......# .# ###.....#
.# #.....#


You could see Blork the orc and a wight.

Vanquished Creatures
  An orc wizard (D:3)
  A worm (D:2)
  3 giant geckos
  3 orcs
  A ball python (D:2)
  5 bats
  3 giant cockroaches
  5 hobgoblins
  7 giant newts
  2 goblins
  3 kobolds
  5 rats
  A fungus (D:3)
40 creatures vanquished.

Notes
Turn   | Place    | Note
--------------------------------------------------------------
     0 | D:1      | sugabear the Vine Stalker Gladiator began the quest for the Orb.
     0 | D:1      | Reached XP level 1. HP: 11/11 MP: 2/2
   281 | D:1      | Reached XP level 2. HP: 12/15 MP: 3/3
   747 | D:2      | Reached skill level 3 in Maces & Flails
  1039 | D:2      | Reached XP level 3. HP: 18/18 MP: 4/4
  1539 | D:3      | Reached skill level 1 in Armour
  1539 | D:3      | Reached skill level 1 in Stealth
  1539 | D:3      | Reached XP level 4. HP: 20/23 MP: 3/5
  1542 | D:3      | Noticed Sigmund
  1688 | D:4      | Noticed Blork the orc
  1705 | D:4      | Killed from afar by Blork the orc

Vault maps used:
D:1:      dpeg_arrival_round_c, hangedman_decor_growths
D:2:      first_bread, serial_bayou_crossing
D:3:      minmay_gold_behind_fungi, roderic_bipointed_swastika,
          nicolae_ru_sacrificial_ziggurat, uniq_sigmund
D:4:      grunt_temple_overflow_order_and_chaos_1,
          minmay_temple_entry_water_ring, serial_shops, nicolae_shop_crystal,
          lightli_sewer_entry_pipes, hangedman_abyss_or_decor_lesser_grid,
          hex_intersection, uniq_pikel, uniq_blork_the_orc

Action                   |  1- 3 |  4- 6 || total
-------------------------+-------+-------++-------
Melee: Flail             |   107 |    12 ||   119
 Stab: Sleeping          |     1 |       ||     1
  Eat: Chunk             |     2 |     1 ||     3
